 Dungeon Crawl Stone Soup version 0.28.0 (webtiles) character file.

Game seed: 3518312624433312663

12820 SnakkuSnakku7 the Carver (level 11, -7/65 (68) HPs)
             Began as a Tengu Enchanter on Feb 5, 2022.
             Was an Elder of the Shining One.
             Mangled by Urug (12 damage)
             ... while paralysed by Urug
             ... on level 2 of the Lair of Beasts.
             The game lasted 00:19:49 (11284 turns).

SnakkuSnakku7 the Carver (Tengu Enchanter)         Turns: 11284, Time: 00:19:50

HP:   -7/65 (68)    AC: 18    Str: 12    XL:     11   Next: 99%
MP:   15/15         EV:  2    Int: 17    God:    the Shining One [****..]
Gold: 295           SH:  0    Dex: 14    Spells: 14/14 levels left

rFire   + . .      SeeInvis .   a - +5 scimitar (freeze)
rCold   . . .      Faith    .   (no shield)
rNeg    + + .      Spirit   .   s - +3 chain mail
rPois   .          Reflect  .   t - +1 hat
rElec   .          Harm     .   k - +1 cloak
rCorr   .          Rampage  .   e - +0 pair of gloves
Will    .....                   (boots unavailable)
Stlth   ..........              l - amulet of regeneration
HPRegen 1.00/turn               V - +4 ring of evasion
MPRegen 0.14/turn               x - ring of protection from fire

@: paralysed, flying quickly and evasively, glowing, lightly drained, quick
A: beak, talons 3, nimble flight
a: Renounce Religion, Divine Shield, Cleansing Flame


You were on level 2 of the Lair of Beasts.
You worshipped the Shining One.
The Shining One was greatly pleased with you.
You visited 2 branches of the dungeon, and saw 12 of its levels.
You also visited: Sewer and Ossuary.

You collected 691 gold pieces.
You spent 396 gold pieces at shops.

Inventory:

Hand Weapons
 a - a +5 scimitar of freezing (weapon)
 b - a +0 hand crossbow
 w - the +8 rapier "Xurum" {vorpal, Str+3}
   (You found it on level 2 of the Dungeon)

   It inflicts extra damage upon your enemies.
   Str:       It affects your strength (+3).
Missiles
 z - 54 bolts
Armour
 e - a +0 pair of gloves (worn)
 f - a +0 scale mail
 k - a +1 cloak (worn)
 o - a +0 robe
 s - a +3 chain mail (worn)
 t - a +1 hat (worn)
Jewellery
 c - an amulet of guardian spirit
 l - an amulet of regeneration (around neck)
 n - a ring of protection from fire
 x - a ring of protection from fire (right hand)
 V - a +4 ring of evasion (left hand)
Wands
 m - a wand of flame (12)
 I - a wand of digging (13)
 P - a wand of mindburst (14)
 R - a wand of paralysis (4)
 S - a wand of iceblast (6)
Scrolls
 h - 6 scrolls of teleportation
 j - a scroll of identify
 r - a scroll of vulnerability
 v - 2 scrolls of enchant weapon
 D - a scroll of summoning
 H - 4 scrolls of blinking
 L - a scroll of holy word
 N - 2 scrolls of immolation
 U - a scroll of magic mapping
Potions
 d - 3 potions of berserk rage
 g - 3 potions of lignification
 i - 6 potions of curing
 p - 2 potions of haste
 u - 3 potions of brilliance
 E - a potion of magic
 F - 2 potions of resistance
 K - a potion of heal wounds


   Skills:
 - Level 8.0 Fighting
 - Level 1.1(9.0) Short Blades
 + Level 13.8 Long Blades
 - Level 3.0 Maces & Flails
 - Level 10.0 Crossbows
 - Level 6.6 Armour
 - Level 2.1 Dodging
 - Level 3.0 Stealth
 - Level 2.0 Spellcasting
 - Level 2.1 Hexes


You had 14 spell levels left.
You didn't know any spells.
Your spell library contained the following spells:

 Spells                   Type           Power      Damage    Failure   Level
 Ensorcelled Hibernation  Hex/Ice        10%        N/A       99%         2
 Passwall                 Tmut/Erth      0%         N/A       100%        2
 Confusing Touch          Hex            9%         N/A       100%        3
 Dazzling Flash           Conj/Hex       10%        N/A       100%        3
 Summon Guardian Golem    Hex/Summ       5%         N/A       100%        3
 Swiftness                Air            1%         N/A       100%        3
 Tukima's Dance           Hex            9%         N/A       100%        3
 Orb of Destruction       Conj           0%         9d5       100%        7
 Spellforged Servitor     Conj/Summ      0%         N/A       100%        7


Dungeon Overview and Level Annotations

Branches:
Dungeon (10/15)            Temple (0/1) D:7            Lair (2/6) D:8
    Orc (0/2) D:10          Sewer (visited)         Ossuary (visited)
  Swamp: Lair:2-4    Shoals: Lair:2-4     Snake: Lair:2-4    Spider: Lair:2-4

Altars:
Dithmenos
Elyvilon
Gozag
Makhleb
Nemelex Xobeh
Ru
Sif Muna
Trog
Uskayaw
Vehumet
Xom
Zin
The Shining One
Beogh

Shops:
D:5 :   D:9 =

Portals:
Abyss: D:3

Annotations:
D:3 2 transporters, BobtheApe's ghost, amateur KoBr
D:6 exclusion: 2 electric eels
D:10 2 transporters, snackwell's ghost, journeyman TrHu
Lair:1 exclusion: obsidian statue
Lair:2 Urug


Innate Abilities, Weirdness & Mutations

You have a beak for a mouth.
You have claws for feet.
Your magical nature lets you fly swiftly and evasively.


Message History

You barely miss the hell rat. You claw the hell rat.
You peck the hell rat, but do no damage.
The hell rat is almost dead.
The hell rat closely misses you. The hell rat misses you.
You slash the hell rat! You freeze the hell rat.
You kill the hell rat!
The Shining One accepts your kill.
You feel better. The hell rat barely misses you.
You slash the hell rat! You freeze the hell rat. Your peck misses the hell rat.
The hell rat is almost dead.
The hell rat misses you.
You barely miss the hell rat. You claw the hell rat.
You kill the hell rat!
The Shining One accepts your kill.
No target in view!
No target in view!
No target in view!
m - a wand of flame (12) (gained 4 charges)
Things that are here:
a hell rat corpse; a hell rat corpse HP restored.
Found 20 stones.
You now have 281 gold pieces (gained 13).
Found a lajatang.
You now have 295 gold pieces (gained 14).
You see here 20 stones.
Urug the Orcish Ballista comes into view.
She is wielding a +1 great sword of protection and carrying a wand of paralysis (6).
Urug shouts!
Urug zaps a wand.
You easily resist.
Unknown command.
Okay, then.
You slash Urug! You freeze Urug. You claw Urug, but do no damage.
Urug is moderately wounded.
Urug zaps a wand.
You suddenly lose the ability to move!
Urug hits you with a +1 great sword of protection!! x3
* * * LOW HITPOINT WARNING * * *
Urug hits you with a +1 great sword of protection!
The Shining One protects you from harm!
Urug hits you with a +1 great sword of protection!
You die...

..#.# #### ....### #..#
......# #..## .#
.....## ##...# .
....### #...## .#
.....P#####..## o#
.....(........# ..#
..............#####..#
#...####.#.....P@#...#
##..# ##........o...#
#...#######..........#
P....##.###...#P......#
.............###.#....#
.............# ####..##
#............# ..#
#.........<..# ..#
.............# ..#


You could see Urug.

Vanquished Creatures
  Josephine (D:10)
  A hydra (D:10)
  3 two-headed ogres (D:10)
  Joseph (D:10)
  A black mamba (Lair:1)
  A cane toad (Lair:1)
  2 komodo dragons (Lair:1)
  2 polar bears (Lair:1)
  2 trolls
  6 wraiths
  The ghost of clambone the Covered, an amateur MiFi of Okawaru (D:3)
  2 wyverns
  A steam dragon (D:8)
  2 acid dragons
  5 water moccasins
  A swamp drake (D:10)
  A sky beast (D:7)
  An ice beast (D:6)
  Pargi (Sewer)
  6 orc warriors
  2 black bears
  2 necrophages
  2 ogres
  4 wolves (D:8)
  3 centaurs
  2 kobold brigands
  A gnoll sergeant (D:9)
  7 bullfrogs
  2 scorpions
  A wyvern skeleton (D:6)
  A water moccasin skeleton (D:5)
  11 killer bees
  5 wights (D:7)
  4 electric eels
  3 howler monkeys
  A centaur zombie (D:8)
  2 jellies
  A centaur skeleton (D:7)
  2 gnoll shamans
  8 orc priests
  5 hounds
  4 bullfrog skeletons
  2 iguanas (D:4)
  2 scorpion zombies
  Natasha (thrice) (D:4)
  7 orc wizards
  4 hell rats (Lair:2)
  2 killer bee zombies
  3 mummies (Ossuary)
  2 howler monkey zombies
  13 gnolls
  A howler monkey skeleton (D:4)
  4 adders
  A river rat (D:6)
  A white imp (D:6)
  An ufetubus (D:5)
  2 worms
  4 dart slugs
  41 orcs
  15 bats
  3 endoplasms
  2 giant cockroaches
  8 goblins
  6 hobgoblins
  2 jackals (D:1)
  4 quokkas
  8 ball pythons
  5 frilled lizards
  8 goblin zombies
  A hobgoblin zombie (Ossuary)
  27 kobolds
  An orc zombie (Ossuary)
  A quokka zombie (D:8)
  5 rats
303 creatures vanquished.

Vanquished Creatures (collateral kills)
  A killer bee (D:4)
1 creature vanquished.

Vanquished Creatures (others)
  5 plants (D:5)
5 creatures vanquished.

Grand Total: 309 creatures vanquished

Notes
Turn   | Place    | Note
-------+----------+-------------------------------------------
     0 | D:1      | SnakkuSnakku7 the Tengu Enchanter began the quest for the
                  | Orb.
     0 | D:1      | Reached XP level 1. HP: 10/10 MP: 4/4
   274 | D:1      | Reached skill level 1 in Fighting
   561 | D:1      | Reached XP level 2. HP: 12/16 MP: 6/6
   972 | D:2      | Reached XP level 3. HP: 12/22 MP: 7/7
  1364 | D:2      | Identified the +8 rapier "Xurum" {vorpal, Str+3}
  1655 | D:3      | You fall into a shaft and drop 2 floors!
  1655 | D:5      | Entered Level 5 of the Dungeon
  1666 | D:5      | Reached XP level 4. HP: 24/28 MP: 8/8
  1737 | D:4      | Gained mutation: Your magical nature lets you fly swiftly
                  | and evasively. [Tengu growth]
  1737 | D:4      | Reached XP level 5. HP: 28/34 MP: 9/9
  1775 | D:4      | Reached skill level 5 in Fighting
  1776 | D:4      | Noticed an ogre
  1808 | D:4      | Reached XP level 6. HP: 32/41 MP: 10/10
  1913 | D:3      | Found a burning altar of Makhleb.
  1940 | D:3      | Found a faded altar of an unknown god.
  1980 | D:3      | Found a transporter.
  1997 | D:3      | Found a transporter.
  2014 | D:3      | Found a one-way gate to the infinite horrors of the Abyss.
  2014 | D:3      | Noticed BobtheApe's ghost (amateur KoBr)
  2198 | D:3      | Found an opulent altar of Gozag.
  2589 | D:4      | Reached XP level 7. HP: 34/47 MP: 11/11
  2657 | D:4      | Found a runed translucent gate.
  2659 | D:4      | Noticed clambone's ghost (amateur MiFi)
  2840 | D:4      | Noticed Natasha
  2852 | D:4      | Killed Natasha
  2869 | D:4      | Found a runed translucent gate.
  2869 | D:4      | Found a runed translucent gate.
  3153 | D:4      | Noticed Natasha
  3162 | D:4      | Killed Natasha
  3245 | D:3      | Killed clambone's ghost
  3246 | D:3      | Reached skill level 1 in Armour
  3246 | D:3      | Reached XP level 8. HP: 44/54 MP: 12/12
  3611 | D:5      | Found a bloodstained altar of Trog.
  3687 | D:5      | Reached skill level 5 in Armour
  3717 | D:5      | Found Voviup's Book Boutique.
  4270 | D:5      | Found a glowing golden altar of the Shining One.
  4281 | D:5      | Became a worshipper of the Shining One
  4489 | D:6      | Reached XP level 9. HP: 47/59 MP: 13/13
  4565 | D:6      | Found a glowing drain.
  4589 | Sewer    | Entered a sewer
  4618 | Sewer    | Noticed Pargi
  4631 | Sewer    | Killed Pargi
  4632 | Sewer    | Reached skill level 5 in Crossbows
  4865 | D:4      | Noticed Natasha
  4873 | D:4      | Killed Natasha
  5608 | D:6      | Found a shadowy altar of Dithmenos.
  6068 | D:7      | Reached * piety under the Shining One
  6385 | D:7      | Reached XP level 10. HP: 57/64 MP: 14/14
  6407 | D:7      | Reached skill level 10 in Crossbows
  6464 | D:7      | Reached skill level 1 in Long Blades
  6631 | D:7      | Found a staircase to the Ecumenical Temple.
  6732 | D:8      | Found a white marble altar of Elyvilon.
  6773 | D:8      | Found a sand-covered staircase.
  6787 | Ossuary  | Entered an ossuary
  6795 | Ossuary  | Reached ** piety under the Shining One
  6832 | Ossuary  | Reached skill level 2 in Long Blades
  7215 | D:8      | Reached skill level 3 in Long Blades
  7351 | D:8      | Reached skill level 4 in Long Blades
  7371 | D:8      | Found a staircase to the Lair.
  7374 | D:8      | Reached skill level 5 in Long Blades
  7429 | D:8      | Reached *** piety under the Shining One
  7507 | D:8      | Reached skill level 6 in Long Blades
  7609 | D:8      | Found a shimmering blue altar of Sif Muna.
  7667 | D:8      | Reached skill level 7 in Long Blades
  8349 | D:9      | Reached skill level 8 in Long Blades
  8758 | D:9      | Found Jewotub's Jewellery Boutique.
  8761 | D:9      | Bought a +4 ring of evasion for 396 gold pieces
  8814 | D:9      | Found a shimmering altar of Xom.
  8815 | D:9      | Found a hide-covered altar of Uskayaw.
  8819 | D:9      | Found a sacrificial altar of Ru.
  8819 | D:9      | Found a sparkling altar of Nemelex Xobeh.
  8957 | D:9      | Identified the +1 robe of the Untouchables {rPois Slay+3}
  9046 | D:10     | Entered Level 10 of the Dungeon
  9072 | D:10     | Noticed snackwell's ghost (journeyman TrHu)
  9073 | D:10     | Noticed a two-headed ogre
  9074 | D:10     | Found a transporter.
  9078 | D:10     | Found a transporter.
  9104 | D:10     | Found a radiant altar of Vehumet.
  9136 | D:10     | Noticed a two-headed ogre
  9191 | D:10     | Killed a two-headed ogre
  9192 | D:10     | Reached skill level 9 in Long Blades
  9192 | D:10     | Reached XP level 11. HP: 60/68 MP: 15/15
  9212 | D:10     | Noticed Josephine
  9212 | D:10     | Reached **** piety under the Shining One
  9224 | D:10     | Killed Josephine
  9225 | D:10     | Reached skill level 10 in Long Blades
  9399 | D:10     | Found a glowing silver altar of Zin.
  9399 | D:10     | Noticed an angel
  9586 | D:10     | Reached skill level 11 in Long Blades
  9690 | D:10     | Found a staircase to the Orcish Mines.
  9801 | D:10     | Noticed a four-headed hydra
  9839 | D:10     | Killed a four-headed hydra
  9906 | D:10     | Noticed a two-headed ogre
  9920 | D:10     | Killed a two-headed ogre
  9921 | D:10     | Reached skill level 12 in Long Blades
  9963 | D:10     | Noticed a two-headed ogre
 10010 | D:10     | Killed a two-headed ogre
 10255 | D:10     | Noticed Joseph
 10267 | D:10     | Killed Joseph
 10523 | Lair:1   | Entered Level 1 of the Lair of Beasts
 10621 | Lair:1   | Noticed an obsidian statue
 10671 | Lair:1   | Reached skill level 13 in Long Blades
 11273 | Lair:2   | Noticed Urug
 11279 | Lair:2   | Paralysed by Urug for 5 turns
 11282 | Lair:2   | HP: 3/65 [Urug (20)]
 11283 | Lair:2   | The Shining One protects you from harm!
 11284 | Lair:2   | Mangled by Urug

Illustrated notes

Levels and vault maps discovered:
D:1:      psy_arrival_basics, layout_basic
D:2:      layout_rooms, kennysheep_nondescript, hex_intersection,
          grunt_ministairs_8, kennysheep_generic_room_7
D:3:      layout_loops_ring, nicolae_gozag_cash_rules_everything_around_me,
          lightli_temple_of_fire, nicolae_ecumenical_lake_church,
          gammafunk_ghost_abyssal_escape
D:4:      minmay_spotlight, layout_loops_ring, biasface_ghost_orc_armoury,
          uniq_natasha
D:5:      kennysheep_kobold_camp, layout_cave_pods, kennysheep_little_box,
          marbit_many_paths, serial_shops, shop
D:6:      layout_loops_corners, mainiacjoe_overflow_24_doors,
          cheibrodos_sewer_entry_sluice, serial_bayou_pond_a,
          hangedman_decor_opposing, grunt_decor_arrowhead,
          kennysheep_crisscross, grunt_decor_cap
D:7:      layout_gridville, minmay_temple_entry_hall, minmay_tree_intersection
D:8:      layout_basic, mainiacjoe_overflow_boulevard, elyvilon_altar_4,
          erik_lair_island, enter_ossuary_4
D:9:      layout_basic, mainiacjoe_overflow_alcove_3, serial_shops,
          nicolae_shop_behind_doors
D:10:     layout_basic, zin_angel, vehumet_crystals, erik_orc_1,
          gammafunk_ghost_arena, uniq_joseph, uniq_josephine
Lair:1:   statuecave_lemuel, layout_big_grid, grunt_megastairs_4,
          lemuel_fruit_fields
Lair:2:   layout_small_grid, uniq_urug, uniq_harold

Skill      XL: |  1  2  3  4  5  6  7  8  9 10 11 |
---------------+----------------------------------+-----
Fighting       | 1 2 3 4 5 6 8 |  8.0
Maces & Flails | 3 |  3.0
Armour         | 1 6 |  6.6
Crossbows      | 3 9 10 | 10.0
Long Blades    | 9 13 | 13.8
Short Blades   | |  1.1
Dodging        | |  2.1
Stealth        | |  3.0
Spellcasting   | |  2.0
Hexes          | |  2.1

Action                   |  1- 3 |  4- 6 |  7- 9 | 10-12 || total
-------------------------+-------+-------+-------+-------++-------
Melee: Dagger            |   112 |    66 |   210 |    10 ||   398
       Kick              |    30 |    22 |   135 |   141 ||   328
       Peck              |    18 |    23 |    79 |   109 ||   229
       Punch             |       |     1 |     8 |     4 ||    13
       Flail             |       |    45 |    83 |       ||   128
       Rapier            |       |       |    66 |   203 ||   269
       Scimitar          |       |       |       |   168 ||   168
 Fire: Hand crossbow     |       |       |       |    32 ||    32
Evoke: Wand              |       |       |       |    14 ||    14
  Use: Scroll            |       |     3 |     3 |    16 ||    22
       Potion            |       |     4 |       |       ||     4
 Stab: Sleeping          |     1 |       |       |       ||     1
       Invisible         |       |     1 |       |       ||     1
Armor: Robe              |     4 |       |       |       ||     4
       Scale mail        |    54 |    46 |    38 |       ||   138
       Chain mail        |       |       |   209 |   187 ||   396
Dodge: Dodged            |    43 |    66 |   154 |   211 ||   474
